 Dungeon Crawl Stone Soup version 0.24.0-125-gc4c63601f3 (console) character file.

Game seed: 16962038712868045694, levelgen mode: deterministic

1612 Kagalorn the Tainter (level 8, -6/54 HPs)
             Began as an Octopode Venom Mage on Mar 9, 2020.
             Shot with an arrow by a centaur (12 damage)
             ... on level 6 of the Dungeon.
             The game lasted 00:20:30 (6636 turns).

Kagalorn the Tainter (Octopode Venom Mage)          Turns: 6636, Time: 00:20:30

Health: -6/54      AC:  1    Str:  8    XL:     8   Next: 95%
Magic:  9/14       EV: 15    Int: 19    God:
Gold:   160        SH:  0    Dex: 12    Spells: 12/15 levels left

rFire    . . .     SeeInvis .   m - +1 flail (protect)
rCold    . . .     Gourm    .   (no shield)
rNeg     . . .     Faith    .   (helmet restricted)
rPois    .         Spirit   .   (no amulet)
rElec    .         Reflect  .   q - ring of protection from magic
rCorr    .         Harm     .   (no ring)
MR       +....                  (no ring)
Stlth    ++++......             (no ring)
HPRegen  0.18/turn              (no ring)
MPRegen  0.14/turn              (no ring)
                                (no ring)
                                (no ring)

@: no status effects
A: almost no armour, stealthy swim, amphibious, 8 rings, constrict 8, camouflage
1, gelatinous body 1
a: no special abilities


You were on level 6 of the Dungeon.
You were hungry.

You visited 1 branch of the dungeon, and saw 6 of its levels.

You collected 300 gold pieces.
You spent 140 gold pieces at shops.

Inventory:

Hand Weapons
 a - a +0 dagger
 m - a +1 flail of protection (weapon)
 v - a +4 quarterstaff of chaos
 x - a +0 quarterstaff
 z - a +0 trident
 A - a +0 morningstar
Missiles
 f - 245 stones (quivered)
 h - 7 atropa-tipped darts
 l - 45 poisoned darts
 r - 2 boomerangs
Jewellery
 q - a ring of protection from magic (left tentacle)
Wands
 k - a wand of digging (2)
 y - a wand of clouds (3)
Scrolls
 d - a scroll of fear
 o - a scroll of enchant armour
 p - a scroll of remove curse
 s - a scroll of blinking {unknown}
 u - 3 scrolls of teleportation
 B - a scroll of fog {unknown}
Potions
 c - 2 potions of flight
 e - 2 potions of mutation
 g - 3 potions of curing
 i - 2 potions of invisibility {unknown}
 j - 5 potions of heal wounds
 n - 3 potions of agility
 t - a potion of might
 w - a potion of haste
Comestibles
 b - 14 rations
 C - 3 chunks of flesh


   Skills:
 + Level 4.0 Fighting
 + Level 4.6 Dodging
 + Level 6.6 Stealth
 + Level 4.3 Spellcasting
 - Level 1.0 Conjurations
 - Level 9.0 Poison Magic


You had 12 spell levels left.
You knew the following spells:

 Your Spells              Type           Power        Failure   Level  Hunger
a - Sting                 Conj/Pois      ###.         1%          1    None
b - Poisonous Vapours     Pois/Air       ###...       3%          2    #......

Your spell library contained the following spells:

 Spells                   Type           Power        Failure   Level  Hunger
 Olgreb's Toxic Radiance  Pois           #####...     3%          4    ####...
 Mephitic Cloud           Conj/Pois/Air  ###.....     11%         3    ###....
 Venom Bolt               Conj/Pois      ###.......   43%         5    ######.


Dungeon Overview and Level Annotations

Branches:
Dungeon (6/15)
 Temple: D:4-7

Altars:
Sif Muna

Shops:
D:4 }}[[   D:6 %


Innate Abilities, Weirdness & Mutations

You cannot wear most types of armour.
You are very stealthy in the water. (Stealth+)
You are amphibious.
You can wear up to eight rings at the same time.
You can use your tentacles to constrict eight enemies at once.
Your skin changes colour to match your surroundings (Stealth+).
Your rubbery body absorbs attacks. (AC +1, EV +1)


Message History

The centaur is engulfed in poison gas.
The centaur is poisoned.
The centaur unwields a +0 club.
The centaur wields a +0 shortbow.
The centaur shoots an arrow.
The arrow hits you!
Casting: Poisonous Vapours (safe; 3% risk of failure)
Confirm with . or Enter, or press ? or * to list all spells.
Aiming: Poisonous Vapours (safe; 3% risk of failure)
Press: ? - help, Dir - move target cursor, f/p - centaur
Aim: a centaur, wielding a +0 shortbow (lightly wounded, poisoned) Poisonous vapours surround the centaur!
You are feeling hungry.
The centaur looks even sicker.
The centaur shoots an arrow.
The arrow completely misses you.
The centaur is engulfed in poison gas.
The centaur looks even sicker.
The centaur shoots an arrow.
The arrow hits you!
The centaur shoots an arrow.
The arrow misses you.
The centaur shoots an arrow.
The arrow hits you!
* * * LOW HITPOINT WARNING * * *
There is a stone staircase leading up, spattered with blood here.
You see here 2 arrows.
The centaur shoots an arrow.
The arrow hits you!
You die...

##........# #...# #..#
.......#### #...## #..#
##.##.....# #....###... # #..####
#...⌠[⌠...# ##.##..# #..#.∩.####
.......#### #...⌠.⌠....
##'###.##.# #'######..# ..
#.##.#############'### #..# .
#..'...'..(@...#.....# #..#
..####...#.......#.....####..#
...'..'...'.......'.....'......
...####...#.......#.....####.##
#####.....).#.....####.##
#####.c.#.....#......
##################..#.#+#########
.....(......)......)..#.#.....#..
###############.........#.###.#.#


You could see a centaur.

Vanquished Creatures
  A hippogriff (D:3)
  Prince Ribbit (D:6)
  Sigmund (D:3)
  Eustachio (D:6)
  An ogre (D:6)
  2 bullfrogs (D:6)
  A water moccasin skeleton (D:6)
  A jelly (D:5)
  2 crimson imps
  2 orc wizards
  A bullfrog zombie (D:5)
  4 hounds
  2 orc priests (D:4)
  Crazy Yiuf (D:6)
  2 worker ants
  Terence (D:3)
  A hound skeleton (D:5)
  4 adders
  A shadow imp (D:5)
  3 worms
  2 dart slugs
  6 leopard geckos
  12 orcs
  8 giant cockroaches
  10 goblins
  8 hobgoblins
  14 jackals
  2 quokkas (D:3)
  17 bats
  8 frilled lizards
  8 kobolds
  11 rats
139 creatures vanquished.

Notes
Turn   | Place    | Note
-------+----------+-------------------------------------------
     0 | D:1      | Kagalorn the Octopode Venom Mage began the quest for the
                  | Orb.
     0 | D:1      | Reached XP level 1. HP: 11/11 MP: 3/3
   114 | D:1      | Reached skill level 4 in Poison Magic
   235 | D:1      | Reached XP level 2. HP: 17/17 MP: 1/5
   243 | D:1      | Learned a level 2 spell: Poisonous Vapours
   619 | D:1      | Reached XP level 3. HP: 21/21 MP: 2/6
   620 | D:1      | Reached skill level 5 in Poison Magic
   920 | D:2      | Found a shimmering blue altar of Sif Muna.
  1191 | D:2      | Reached XP level 4. HP: 27/27 MP: 0/7
  1317 | D:2      | Reached skill level 6 in Poison Magic
  1889 | D:3      | Noticed Terence
  1934 | D:3      | Killed Terence
  1934 | D:3      | Reached XP level 5. HP: 22/31 MP: 2/8
  2143 | D:3      | Reached skill level 7 in Poison Magic
  2468 | D:3      | Noticed Sigmund
  2504 | D:3      | Killed Sigmund
  2504 | D:3      | Reached skill level 8 in Poison Magic
  2504 | D:3      | Reached XP level 6. HP: 30/36 MP: 1/9
  2646 | D:3      | Noticed a hippogriff
  2727 | D:3      | Killed a hippogriff
  2727 | D:3      | Reached skill level 1 in Fighting
  2727 | D:3      | Reached XP level 7. HP: 10/43 MP: 1/10
  3960 | D:4      | Found Zaghet's Gadget Shoppe.
  3964 | D:4      | Found Weoc's Antique Armour Shoppe.
  3964 | D:4      | Found Quucw's Gadget Shoppe.
  3965 | D:4      | Found Jeddom Isiush's Antique Armour Shoppe.
  3980 | D:4      | Bought a wand of digging (3) for 140 gold pieces
  4468 | D:5      | Entered Level 5 of the Dungeon
  4931 | D:5      | Reached skill level 9 in Poison Magic
  5538 | D:5      | Reached XP level 8. HP: 46/51 MP: 12/12
  5636 | D:6      | Noticed Eustachio
  5644 | D:6      | Killed Eustachio
  5644 | D:6      | Reached skill level 5 in Stealth
  5666 | D:6      | Found a shimmering blue altar of Sif Muna.
  5880 | D:6      | Noticed Prince Ribbit
  5898 | D:6      | Killed Prince Ribbit
  6090 | D:6      | Found Raru Muwn's Food Shoppe.
  6329 | D:6      | Found a runed translucent door.
  6330 | D:6      | Noticed Crazy Yiuf
  6337 | D:6      | Killed Crazy Yiuf
  6636 | D:6      | Shot with an arrow by a centaur

Levels and vault maps discovered:
D:1:      minmay_arrival_five_plusses, layout_basic
D:2:      layout_loops_corners, lemuel_round_altar, serial_glass,
          glass_columns_a, glass_columns_a, glass_columns_b, glass_columns_b,
          glass_columns_a, glass_columns_a, glass_columns_b, glass_columns_a,
          due_unseen_surprise, minmay_strange_pillars, minmay_strange_pillars,
          minmay_strange_pillars, chequers_serial_rivers_micro_a
D:3:      minmay_chambers_of_threes, layout_basic, minmay_three_crescents,
          uniq_sigmund, uniq_terence
D:4:      layout_basic, first_ration, chequers_serial_rivers_room_b,
          minmay_shop_grid_forest
D:5:      wander_river, layout_gridville, st_stairs_13
D:6:      layout_basic, grunt_temple_overflow_open,
          minmay_temple_entry_poolview, serial_shops, shop_fountains,
          lemuel_blue_sif_altar, uniq_crazy_yiuf_cottage, uniq_eustachio,
          uniq_prince_ribbit1

Skill      XL: |  1  2  3  4  5  6  7  8 |
---------------+-------------------------+-----
Poison Magic   | 4 5 6 8 9 |  9.0
Fighting       | 1 2 4 |  4.0
Stealth        | 3 4 6 |  6.6
Dodging        | 3 4 |  4.6
Spellcasting   | 3 4 |  4.3
Conjurations   | |  1.0

Action                   |  1- 3 |  4- 6 |  7- 9 || total
-------------------------+-------+-------+-------++-------
Melee: Dagger            |    51 |    79 |    94 ||   224
       Unarmed           |     4 |       |       ||     4
       Constrict         |    12 |    23 |    24 ||    59
       Tentacles         |     4 |    13 |    16 ||    33
       Flail             |       |       |    20 ||    20
 Cast: Sting             |    31 |    31 |    19 ||    81
       Poisonous Vapours |     4 |    25 |    57 ||    86
Evoke: Wand              |       |       |     1 ||     1
  Use: Scroll            |       |       |    14 ||    14
 Stab: Sleeping          |     5 |     8 |     7 ||    20
  Eat: Chunk             |     2 |     6 |    11 ||    19
       Ration            |       |       |     1 ||     1
Armor: Skin              |     4 |    24 |    12 ||    40
Dodge: Dodged            |    43 |   109 |    99 ||   251
